 Dungeon Crawl Stone Soup version 0.27-a0-1434-g6f15984924 (webtiles) character file.

Game seed: 3566408009747844397

240 avis the Insei (level 6, -7/44 HPs)
             Began as a Merfolk Transmuter on July 4, 2021.
             Succumbed to Crazy Yiuf's poison
             ... on level 2 of the Dungeon.
             The game lasted 00:18:05 (2921 turns).

avis the Insei (Merfolk Transmuter)                 Turns: 2921, Time: 00:18:06

Health: -7/44      AC:  2    Str:  8 (10) XL:     6   Next: 8%
Magic:  7/12       EV: 20    Int: 10 (13) God:
Gold:   47         SH:  0    Dex: 19 (21) Spells: 5/13 levels left

rFire    . . .     SeeInvis .     - Unarmed
rCold    . . .     Faith    .   (shield currently unavailable)
rNeg     . . .     Spirit   .   (armour currently unavailable)
rPois    x         Reflect  .   (helmet currently unavailable)
rElec    .         Harm     .   (cloak currently unavailable)
rCorr    .         Rampage  .   (gloves currently unavailable)
Will     .....                  (boots currently unavailable)
Stlth    ++........             (no amulet)
HPRegen  0.14/turn              (no ring)
MPRegen  0.13/turn              (no ring)

@: lethally poisoned (-7 -> -48), spider-form (expiring)
A: venomous fangs, tiny, (nimble swimmer 2), (mertail)
a: End Transformation


You were on level 2 of the Dungeon.
You were a venomous arachnid creature.
You visited 1 branch of the dungeon, and saw 2 of its levels.

You collected 146 gold pieces.
You spent 99 gold pieces at shops.

Inventory:

Hand Weapons
 d - a +0 flail of protection
 l - a +6 club
 o - a +3 dagger
Missiles
 b - 100 stones
 n - 21 bolts
Armour
 a - a +0 robe (melded)
 h - a +0 cloak (melded)
 m - a +0 helmet
Scrolls
 c - a scroll of summoning {unknown}
 j - 3 scrolls of identify {unknown}
 k - a scroll of enchant weapon {unknown}
Potions
 e - 2 potions of flight
 f - 2 potions of attraction
 i - a potion of lignification


   Skills:
 - Level 2.0 Fighting
 - Level 3.0 Dodging
 - Level 5.0 Unarmed Combat
 - Level 4.0 Spellcasting
 + Level 3.4 Transmutations
 - Level 1.0 Poison Magic


You had 5 spell levels left.
You knew the following spells:

 Your Spells              Type           Power      Damage    Failure   Level
a - Beastly Appendage     Tmut           16%        N/A       17%         1
p - Spider Form           Tmut/Pois      3%         N/A       52%         3
q - Ice Form              Ice/Tmut       5%         N/A       90%         4

Your spell library contained the following spells:

 Spells                   Type           Power      Damage    Failure   Level
 Wereblood                Tmut           8%         N/A       24%         2
 Inner Flame              Hex/Fire       2%         N/A       78%         3
 Portal Projectile        Hex/Tloc       4%         N/A       78%         3
 Blade Hands              Tmut           4%         N/A       95%         5
 Cause Fear               Hex            1%         N/A       98%         4
 Excruciating Wounds      Necr           1%         N/A       100%        5
 Discord                  Hex            1%         N/A       100%        8


Dungeon Overview and Level Annotations

Branches:
Dungeon (2/15)

Altars:

Shops:
D:1 !(


Innate Abilities, Weirdness & Mutations

You are a venomous arachnid creature.
You have poisonous fangs.
You are tiny and dextrous.
Your spellcasting is less reliable in this form.
Your armour is entirely melded.
You are incapable of wielding weapons or throwing items.
((You are quick and stealthy near water. (Stealth+, EV+, Speed+++)))
((Your lower body shifts to a powerful aquatic tail in water.))


Message History

a +0 club; a +0 hunting sling; a +0 club
Items here: )))))))) [.
There is an open door here.
There is an open door here.
There is an open door here.
Things that are here:
a +0 whip; a +0 club
Casting: Spider Form (quite dangerous; 28% risk of failure)
Confirm with . or Enter, or press ? or * to list all spells.
The spell is quite dangerous to cast (28% risk of failure)!
Continue anyway?
You turn into a venomous arachnid creature.
Your +0 cloak melds into your body.
Your +0 robe melds into your body.
You open the door. You hit Crazy Yiuf.
Crazy Yiuf is poisoned.
Crazy Yiuf is moderately wounded.
Crazy Yiuf flaps his cloak.
Crazy Yiuf hits you with a +2 quarterstaff of chaos!
Crazy Yiuf burns you.
You bite Crazy Yiuf!
Crazy Yiuf looks as sick as possible!
Crazy Yiuf is severely wounded.
Your transformation is almost over.
Crazy Yiuf hits you with a +2 quarterstaff of chaos!
You are lethally poisoned!
* * * LOW HITPOINT WARNING * * *
You feel extremely sick.
You kill Crazy Yiuf!
Training target 4.0 for Spellcasting reached!
Training target 5.0 for Unarmed Combat reached!
Your Unarmed Combat skill increases to level 5!
Your Spellcasting skill increases to level 4!
You need to enable at least one skill for training.
You have reached level 6!
Your experience leads to an increase in your attributes!
Your base attributes are Str 10, Int 13, Dex 15.
Increase (S)trength, (I)ntelligence, or (D)exterity?
You feel agile.
It was a potion of degeneration.
There was something very wrong with that liquid.
You feel weakened.
You feel dopey.
You feel clumsy.
You die...

#......##.########
#......
######...)#
#######......
..........# #####
#.....'......
....####.## #)..#
#######......
....# #.# #...#
#...... ....# #.#
... #...... ....#
#.# #)# #......
....# #.## #.##
###.... ....# #..#
##s# #.### ....#
#### #.## #.# #
....# ##.#
#####.### #####
##.## #.....#..
##...#
#####.#####..
#....# #.......#
#.. #....#
######### #..
##..## #### #...#
#...


There were no monsters in sight!

Vanquished Creatures
  Crazy Yiuf (D:2)
  Jessica (D:2)
  Terence (D:2)
  Natasha (thrice) (D:1)
  Robin (D:2)
  An adder (D:2)
  A worm (D:2)
  2 dart slugs
  2 endoplasms (D:2)
  4 giant cockroaches
  16 goblins
  4 hobgoblins
  4 jackals (D:2)
  4 bats
  8 kobolds
  4 rats
57 creatures vanquished.

Notes
Turn   | Place    | Note
-------+----------+-------------------------------------------
     0 | D:1      | avis the Merfolk Transmuter began the quest for the Orb.
     0 | D:1      | Reached XP level 1. HP: 15/15 MP: 3/3
    52 | D:1      | Found Waistick's Antique Weapon Emporium.
   240 | D:1      | Found a faded altar of an unknown god.
   332 | D:1      | Reached XP level 2. HP: 18/22 MP: 3/5
   384 | D:1      | Found Omekeff's Distillery.
   964 | D:1      | Bought a potion of curing for 33 gold pieces
   964 | D:1      | Bought a potion of flight for 33 gold pieces
   964 | D:1      | Bought a potion of attraction for 33 gold pieces
  1034 | D:2      | Noticed Natasha
  1069 | D:1      | Killed Natasha
  1070 | D:1      | Reached skill level 4 in Unarmed Combat
  1070 | D:1      | Reached skill level 1 in Poison Magic
  1070 | D:1      | Reached XP level 3. HP: 11/27 MP: 4/6
  1248 | D:1      | Learned a level 3 spell: Spider Form
  1252 | D:2      | Noticed Terence
  1261 | D:2      | Killed Terence
  1262 | D:2      | Reached XP level 4. HP: 33/33 MP: 3/7
  1566 | D:2      | Noticed Jessica
  1593 | D:2      | Killed Jessica
  1712 | D:2      | Noticed Robin
  1741 | D:2      | Killed Robin
  1742 | D:2      | Reached XP level 5. HP: 4/38 MP: 4/9
  1761 | D:2      | HP: 2/57 [frozen (5)]
  2353 | D:2      | Found a runed translucent door.
  2354 | D:2      | Noticed Crazy Yiuf
  2548 | D:1      | Noticed Natasha
  2557 | D:1      | Killed Natasha
  2758 | D:1      | Noticed Natasha
  2766 | D:1      | Killed Natasha
  2823 | D:1      | Learned a level 4 spell: Ice Form
  2920 | D:2      | Killed Crazy Yiuf
  2921 | D:2      | Reached skill level 5 in Unarmed Combat
  2921 | D:2      | Reached XP level 6. HP: 2/44 MP: 7/12
  2921 | D:2      | Succumbed to Crazy Yiuf's poison

Illustrated notes

Levels and vault maps discovered:
D:1:      dpeg_arrival_oval, layout_rooms, hellmonk_ecumenical_altar_zigzags,
          serial_shops, shop, shop_coins
D:2:      layout_basic, minmay_circle_x, uniq_terence, uniq_natasha, uniq_robin,
          uniq_jessica, uniq_crazy_yiuf_cottage

Skill      XL: |  1  2  3  4  5 |
---------------+----------------+-----
Fighting       | 2 |  2.0
Transmutations | 3 |  3.4
Dodging        | 3 |  3.0
Unarmed Combat | 4 5 |  5.0
Poison Magic   | 1 |  1.0
Spellcasting   | 3 4 |  4.0

Action                   |  1- 3 |  4- 6 || total
-------------------------+-------+-------++-------
Melee: Unarmed           |    60 |    93 ||   153
       Headbutt          |     8 |     2 ||    10
       Punch             |     1 |     1 ||     2
 Cast: Beastly Appendage |    17 |     6 ||    23
       Spider Form       |     1 |    11 ||    12
  Use: Potion            |     1 |     2 ||     3
 Stab: Sleeping          |       |     1 ||     1
Armor: Robe              |     9 |     5 ||    14
       Skin              |       |    21 ||    21
Dodge: Dodged            |    33 |    49 ||    82

Table legend: (Time is in decaauts)
 A = Elapsed time spent in this place.
 B = Non-inter-level travel time spent in this place.
 C = Inter-level travel time spent in this place.
 D = Time resting spent in this place.
 E = Time spent auto-exploring this place.
 F = Levels seen in this place.
 G = Mean time per level.
                   A        B        C        D        E       F      G
               +--------+--------+--------+--------+--------+-----+--------+
         Total |   2916 |   2538 |    378 |   1045 |    987 |   2 | 1458.0 |
       Dungeon |   2916 |   2538 |    378 |   1045 |    987 |   2 | 1458.0 |
               +--------+--------+--------+--------+--------+-----+--------+

Top non-repeatable levels by time:
     D:2: 1472 daAuts
     D:1: 1443 daAuts
